Map: Simulacrum LE

Players

Cure

  • Race: Terran Terran
  • Spawn Location: 11:00

Serral - Winner!

  • Race: Zerg Zerg
  • Spawn Location: 5:00

Event: IEM Katowice 2020

VOD

Have the link to the VOD?

Description

Time

  • Played on: Feb. 28, 2020, 11:36 a.m.
  • Length: 11:23

All games in this series

Show
View Real Time Build Order
Export as new Build Order

Cure Terran 

Build Orders:  

Get SALT Encoding   

  12  0:00  SCV  
  13  0:13  Supply Depot  
  13  0:17  SCV  
  14  0:35  Barracks  
  14  0:40  Refinery  
  14  0:55  Barracks  
  14  1:12  Barracks  
  14  1:23  Reaper  
  15  1:29  Refinery  
  15  1:42  Reaper  
  16  1:57  Reaper  
  17  2:05  Reaper  
  18  2:15  Reaper  
  19  2:29  Reaper  
  20  2:38  Reaper  
  21  2:47  Reaper  
  21  2:50  Orbital Command  
  22  2:55  Supply Depot  
  22  3:02  Reaper  
  23  3:17  SCV, Reaper  
  25  3:25  Reaper  
  26  3:30  SCV  
  27  3:38  Reaper  
  25  3:48  SCV  
  25  3:49  Reaper  
  26  3:57  Reaper  
  26  4:00  SCV  
  28  4:07  Supply Depot  
  28  4:10  Reaper  
  28  4:13  SCV  
  30  4:21  Reaper  
  30  4:22  Factory  
  31  4:28  SCV  
  32  4:32  Supply Depot, Reaper  
  33  4:40  SCV  
  33  4:43  Reaper  
  35  4:52  SCV  
  36  4:54  Reaper  
  37  5:05  SCV  
  36  5:08  Factory Reactor  
  36  5:10  Reaper  
  37  5:17  SCV  
  37  5:33  Command Center  
  37  5:35  SCV  
  37  5:38  Starport  
  38  5:46  Hellion x2  
  38  5:49  SCV  
  43  5:58  Supply Depot  
  43  6:01  SCV  
  44  6:07  Hellion  
  46  6:13  SCV  
  46  6:14  Starport Tech Lab  
  47  6:20  Hellion  
  47  6:22  Supply Depot  
  49  6:25  SCV  
  49  6:28  Hellion  
  52  6:38  SCV  
  55  6:50  SCV, Orbital Command  
  55  6:54  Banshee  
  56  7:02  Marine x2  
  56  7:04  SCV  
  59  7:08  Factory Reactor  
  59  7:09  Supply Depot  
  59  7:17  SCV x2  
  59  7:21  Marine x2  
  63  7:23  Engineering Bay  
  63  7:29  SCV x2  
  65  7:32  Barracks Tech Lab  
  65  7:40  Marine  
  65  7:41  SCV x2, Stimpack  
  65  7:42  Marine x2  
  70  7:44  Refinery  
  70  7:45  Supply Depot  
  70  7:50  Combat Shield, Marine  
  71  7:54  Factory Tech Lab  
  71  7:55  Medivac x2  
  71  7:58  Terran Infantry Weapons Level 1  
  75  7:59  Marine x3  
  75  8:03  SCV x2  
  80  8:08  Marine  
  81  8:17  Marine x3  
  84  8:20  Siege Tank  
  84  8:22  SCV x2  
  84  8:23  Supply Depot  
  84  8:26  Marine  
  90  8:29  Supply Depot  
  88  8:36  SCV x2, Missile Turret  
  88  8:39  Missile Turret  
  83  8:42  Marine x3  
  83  8:44  Marine  
  82  8:59  SCV x2  
  82  9:00  Marine x3  
  82  9:02  Marine  
  86  9:03  Siege Tank  
  86  9:04  Medivac  
  85  9:18  Marine x3  
  85  9:19  Marine  
  89  9:25  SCV  
  89  9:26  SCV  
  90  9:35  Marine x2  
  90  9:36  Supply Depot  
  90  9:37  Marine  
  93  9:40  Siege Tank  
  93  9:45  Marine x2  
  98  9:46  SCV x2  
  98  9:48  Medivac, Supply Depot  
  102  9:53  Marine x2  
  102  9:55  Marine  
  102  10:03  Marine x2  
  104  10:11  Marine x2  
  104  10:13  Marine  
  107  10:20  Marine  
  107  10:21  Marine  
  105  10:29  Marine x2  
  105  10:31  Marine  
  85  10:38  Marine x2  
  67  10:44  Siege Tank  
  67  10:47  SCV x2, Marine x2  
  67  10:48  Marine  
  75  10:56  Marine x2  
  75  10:59  SCV x2  
  60  11:04  Marine x2  
  60  11:11  SCV x2  
Show
View Real Time Build Order
Export as new Build Order

Serral Zerg - Winner!

Build Orders: Hatch First, Muta Ling Bane 

Get SALT Encoding   

  12  0:00  Drone  
  13  0:12  Overlord  
  13  0:16  Drone  
  14  0:30  Drone x2  
  16  0:48  Hatchery  
  15  0:51  Drone  
  15  0:55  Drone  
  17  0:58  Drone  
  18  1:08  Extractor  
  17  1:13  Spawning Pool  
  17  1:16  Drone  
  17  1:20  Drone  
  18  1:28  Drone  
  19  1:38  Drone  
  20  1:51  Overlord  
  20  2:00  Queen x2  
  20  2:01  Zergling x4  
  26  2:07  Spore Crawler  
  25  2:11  Spine Crawler  
  24  2:19  Metabolic Boost  
  24  2:20  Zergling x2  
  26  2:24  Zergling x2  
  25  2:30  Zergling x2  
  23  2:39  Zergling x2  
  23  2:45  Zergling x2  
  24  2:55  Zergling x4  
  26  3:02  Zergling x4  
  26  3:05  Drone  
  29  3:12  Queen  
  31  3:15  Zergling x2  
  31  3:20  Zergling x4  
  32  3:28  Zergling x4  
  32  3:36  Zergling x2  
  28  3:53  Zergling x8  
  32  3:59  Drone  
  33  4:05  Zergling x2  
  33  4:06  Queen  
  36  4:14  Overlord  
  35  4:33  Overlord  
  35  4:34  Drone x4  
  41  4:41  Drone x2  
  41  4:45  Overlord  
  41  4:48  Overlord  
  41  4:49  Drone  
  41  4:51  Zergling x2  
  42  5:00  Zergling x2  
  43  5:07  Drone x2  
  43  5:13  Zergling x2  
  43  5:21  Zergling x4  
  43  5:27  Queen  
  46  5:28  Lair  
  46  5:32  Zergling x4, Extractor  
  47  5:43  Zergling x6  
  47  5:46  Zergling x2  
  51  5:51  Overlord  
  51  5:52  Drone  
  51  5:53  Drone  
  51  5:56  Drone  
  51  5:59  Drone  
  54  6:07  Drone x3  
  55  6:14  Zergling x4  
  57  6:22  Drone x4  
  61  6:26  Spire  
  61  6:29  Overlord  
  61  6:32  Drone  
  61  6:33  Drone  
  61  6:40  Drone x3  
  61  6:46  Baneling Nest  
  61  6:47  Extractor x2, Drone  
  64  6:51  Drone x2  
  64  6:54  Drone  
  64  6:55  Drone  
  64  6:59  Drone x2  
  64  7:00  Drone  
  69  7:15  Overlord  
  69  7:18  Hatchery  
  69  7:20  Zergling x2  
  69  7:21  Zergling x4  
  71  7:26  Drone  
  71  7:28  Spore Crawler, Overseer  
  71  7:37  Mutalisk x2  
  71  7:40  Mutalisk  
  71  7:43  Mutalisk x2  
  77  7:47  Overlord  
  81  7:53  Mutalisk  
  81  7:55  Baneling  
  81  7:56  Baneling  
  83  8:07  Zerg Flyer Weapons Level 1  
  83  8:11  Drone x5  
  89  8:12  Drone  
  89  8:13  Drone x2  
  89  8:15  Overlord  
  91  8:22  Overlord  
  91  8:24  Centrifical Hooks  
  91  8:34  Mutalisk  
  91  8:39  Mutalisk  
  95  8:46  Drone x2  
  95  8:47  Overlord  
  97  8:49  Mutalisk  
  97  8:52  Drone x2  
  101  8:58  Drone x3  
  101  9:01  Extractor  
  101  9:02  Extractor  
  102  9:05  Evolution Chamber x2  
  100  9:10  Mutalisk  
  100  9:11  Mutalisk  
  100  9:13  Overlord  
  100  9:14  Drone x3  
  107  9:19  Zergling x12  
  107  9:21  Baneling x7  
  113  9:31  Baneling x4  
  113  9:33  Drone x2  
  113  9:35  Overlord x2  
  113  9:38  Drone  
  116  9:41  Zergling x8  
  119  9:53  Drone  
  120  10:01  Baneling  
  120  10:02  Baneling x9  
  120  10:05  Zergling x6  
  123  10:07  Hatchery  
  123  10:12  Baneling x4  
  122  10:18  Overlord  
  122  10:20  Baneling x2  
  122  10:21  Zergling x12  
  127  10:25  Baneling x7  
  127  10:28  Zergling x12  
  112  10:39  Zergling x12, Drone  
  112  10:42  Baneling x6  
  110  10:45  Mutalisk x2  
  110  10:47  Baneling x3  
  114  10:54  Baneling x7  
  114  10:57  Zergling x8  
  102  11:04  Zergling x10  

Tags
 
Add a new tag
Caveats
  • Supply blocks, unpowered buildings, or Contaminate may cause inaccurate times.
  • Supply counts are checked every 10 seconds.